 Dungeon Crawl Stone Soup version 0.31.0-11-ge490571c62 (webtiles) character file.

Game seed: 8110800852915524573

116 qw the Shooter (level 4, -3/22 HPs)
             Began as a Spriggan Hunter on Feb 4, 2024.
             Slain by Pargi (7 damage)
             ... on level 3 of the Dungeon.
             The game lasted 00:00:05 (1753 turns).

qw the Shooter (Spriggan Hunter)                    Turns: 1753, Time: 00:00:06

Health: -3/22      AC:  2    Str:  7    XL:     4   Next: 70%
Magic:  5/5        EV: 20    Int: 10    God:
Gold:   116        SH:  0    Dex: 20    Spells: 3/3 levels left

rFire   . . .        a - +0 shortbow (freeze)
rCold   . . .        (shield currently unavailable)
rNeg    + . .        c - +0 robe
rPois   .            (helmet restricted)
rElec   .            (no cloak)
rCorr   .            (gloves unavailable)
SInv    +            (boots unavailable)
Will    .....        (no amulet)
Stlth   ++           g - ring of positive energy
HPRegen 0.23/turn    (no ring)
MPRegen 0.09/turn

%: no passive effects
@: about to teleport, very quick
A: very small, no large weapons, unfitting armour, see invisible, speed 3
a: no special abilities


You were on level 3 of the Dungeon.
You visited 1 branch of the dungeon, and saw 3 of its levels.

You collected 116 gold pieces.


Innate Abilities, Weirdness & Mutations

You are very small and have problems with some larger weapons.
You are too small for most types of armour.
You have supernaturally acute eyesight. (SInv)
You cover ground extremely quickly. (Speed+++)


   Skills:
 + Level 1.6 Fighting
 - Level 5.1 Ranged Weapons
 - Level 5.1 Dodging
 - Level 1.5 Stealth


You had 3 spell levels left.
You didn't know any spells.
Your spell library was empty.

Inventory:

Hand Weapons
 a - a +0 shortbow of freezing (weapon)
Armour
 c - a +0 robe (worn)
Jewellery
 g - a ring of positive energy (left hand)
Scrolls
 h - a scroll of teleportation
Potions
 b - a potion of cancellation {unknown}
 e - a potion of might
 i - a potion of curing {unknown}
 j - a potion of heal wounds
 k - a potion of resistance {unknown}

Dungeon Overview and Level Annotations

Branches:
Dungeon (3/15)

Altars:

Annotations:
D:3 Pargi


Message History

A rat comes into view.
The rat squeaks loudly.
Pargi the Meek comes into view.
You shoot an arrow.
The arrow hits the rat but does no damage.
You shoot an arrow. The arrow hits the rat.
The arrow freezes the rat.
You kill the rat!
You shoot an arrow. The arrow closely misses Pargi.
You shoot an arrow. The arrow barely misses Pargi.
You shoot an arrow. The arrow closely misses Pargi.
You shoot an arrow. The arrow hits Pargi.
The arrow freezes Pargi.
Pargi is lightly wounded.
Pargi misses you. x2; Pargi barely misses you.
You shoot an arrow. The arrow misses Pargi.
Pargi barely misses you. Pargi completely misses you. Pargi claws you.
You shoot an arrow. The arrow hits Pargi!
The arrow freezes Pargi.
Pargi is moderately wounded.
Pargi closely misses you. Pargi claws you. Pargi barely misses you.
You shoot an arrow. The arrow hits Pargi!
The arrow freezes Pargi.
Pargi is heavily wounded.
Pargi completely misses you. x2; Pargi closely misses you.
You shoot an arrow. The arrow barely misses Pargi.
Pargi barely misses you. Pargi misses you. Pargi completely misses you.
You shoot an arrow.
The arrow hits Pargi but does no damage.
Pargi is heavily wounded.
Pargi completely misses you. x2; Pargi closely misses you.
Pargi bites you. Pargi misses you. x2
You shoot an arrow. The arrow barely misses Pargi.
Pargi completely misses you. Pargi claws you. Pargi completely misses you.
You shoot an arrow. The arrow hits Pargi.
The arrow freezes Pargi.
Pargi is severely wounded.
Pargi misses you. Pargi closely misses you. Pargi claws you but does no damage.
You shoot an arrow. The arrow misses Pargi.
Pargi bites you. Pargi closely misses you. Pargi completely misses you.
1753 ||| READING 2 scrolls of teleportation.
As you read the scroll of teleportation, it crumbles to dust.
You feel strangely unstable. Pargi bites you!
You die...

#.# 77....777777...
#.# 7....7}7 7.. #.#
7....777 .. #.#
7....7 . #.##7....7 .
#..#7....777 .(
#..#7....7}7 7..
#..#77....777777...
#.@# 77............
#.T.# 77.......%..7
#....# 77........7
#....=# 77....%.77
.....><# 777..777
#.....%.#####%'#####
...................#
.....................
....##########


You could see Pargi.

Vanquished Creatures
  4 adders
  3 gnolls (D:3)
  A dart slug (D:1)
  2 endoplasms (D:2)
  2 giant cockroaches
  A goblin (D:3)
  5 hobgoblins
  3 quokkas
  6 ball pythons
  5 bats
  8 frilled lizards
  6 kobolds
  7 rats
53 creatures vanquished.

Notes
Turn   | Place    | Note
-------+----------+-------------------------------------------
     0 | D:1      | qw the Spriggan Hunter began the quest for the Orb.
     0 | D:1      | Reached XP level 1. HP: 10/10 MP: 2/2
     0 | D:1      | 0 ||| qw: Version: 0.3-a-160-g6735b56
     0 | D:1      | 0 ||| qw: Game counter: 4746
     0 | D:1      | 0 ||| qw: Melee chars always use a shield: true
     0 | D:1      | 0 ||| qw: God list: Okawaru
     0 | D:1      | 0 ||| qw: Allow faded altars: false
     0 | D:1      | 0 ||| qw: Do Orc after clearing Dungeon:15 true
     0 | D:1      | 0 ||| qw: Do second Lair branch before Depths: true
     0 | D:1      | 0 ||| qw: Lair rune preference: random
     0 | D:1      | 0 ||| qw: Goals: Normal
     0 | D:1      | 0 ||| PLANNING D:1-11
   122 | D:1      | Reached skill level 3 in Dodging
   200 | D:1      | Found a faded altar of an unknown god.
   256 | D:1      | Reached XP level 2. HP: 14/14 MP: 3/3
   667 | D:1      | 667 ||| DROPPING amulet of magic regeneration.
   668 | D:1      | 668 ||| UPGRADING to ring of positive energy.
   669 | D:1      | 669 ||| READING 3 scrolls labelled HEOMIA LEOKAIC.
   669 | D:1      | 669 ||| IDENTIFYING glowing silvery potion
   670 | D:1      | 670 ||| READING 2 scrolls of identify.
   670 | D:1      | 670 ||| IDENTIFYING pink potion
   671 | D:1      | 671 ||| READING scroll of identify.
   671 | D:1      | 671 ||| IDENTIFYING scroll labelled MERA LOOWKU
   672 | D:1      | 672 ||| READING 3 scrolls labelled PETHRU DOAFUFU.
   673 | D:1      | 673 ||| READING scroll labelled GORANYDW WEACA.
   673 | D:1      | 673 ||| BRANDING +0 shortbow.
   674 | D:1      | 674 ||| DROPPING scroll of butterflies.
   675 | D:1      | 675 ||| DROPPING 2 scrolls of blinking.
   720 | D:2      | Reached XP level 3. HP: 18/18 MP: 4/4
  1496 | D:2      | 1496 ||| DROPPING ring of flight.
  1497 | D:2      | 1497 ||| READING 3 scrolls labelled NUNODGH TIEGH.
  1498 | D:2      | 1498 ||| DROPPING 2 scrolls of noise.
  1541 | D:3      | Reached XP level 4. HP: 22/22 MP: 5/5
  1738 | D:3      | Noticed Pargi
  1752 | D:3      | HP: 4/22 [Pargi (5)]
  1753 | D:3      | 1753 ||| READING 2 scrolls of teleportation.
  1753 | D:3      | Slain by Pargi

Levels and vault maps discovered:
D:1:      dpeg_arrival_erosion, layout_basic,
          shapermc_ecumenical_altar_notcrosses
D:2:      layout_loops_corners
D:3:      wad_crossroads, layout_rooms, mainiacjoe_overflow_six_doors_small,
          kennysheep_big_empty_room, nicolae_elevator_lobby_asterisk,
          uniq_pargi, uniq_ijyb

Skill      XL: |  1  2  3  4 |
---------------+-------------+-----
Dodging        | 3 4 5 |  5.1
Ranged Weapons | 5 |  5.1
Fighting       | |  1.6
Stealth        | |  1.5

Action                     |  1- 3 |  4- 6 || total
---------------------------+-------+-------++-------
   Fire: Shortbow          |    97 |    49 ||   146
    Use: Scroll            |     6 |     1 ||     7
 Armour: Robe              |    11 |    11 ||    22
  Dodge: Dodged            |    33 |    35 ||    68

Table legend:
 A = Non-vault XP
 B = Vault XP
 C = Vault XP percentage of total XP
 D = Non-vault monster count
 E = Vault monster count
 F = Vault count percentage of total count
                 A         B        C        D         E       F
            +---------+---------+-------+---------+---------+-------
      Total |     167 |       0 |   0.0 |      53 |       0 |   0.0
            +---------+---------+-------+---------+---------+-------
        D:1 |      27 |       0 |   0.0 |      18 |       0 |   0.0
        D:2 |      69 |       0 |   0.0 |      22 |       0 |   0.0
        D:3 |      71 |       0 |   0.0 |      13 |       0 |   0.0
            +---------+---------+-------+---------+---------+-------
